 Dungeon Crawl Stone Soup version 0.25-a0-719-gde951dc (webtiles) character file.

Game seed: 173634473518490887, levelgen mode: deterministic

224 BlueFish the Magician (level 5, 0/37 HPs)
             Began as a Mummy Wizard on Apr 6, 2020.
             Slain by a slave (6 damage)
             ... led by Pikel
             ... on level 3 of the Dungeon.
             The game lasted 00:09:41 (4489 turns).

BlueFish the Magician (Mummy Wizard)                Turns: 4489, Time: 00:09:41

Health: 0/37       AC:  4    Str: 10    XL:     5   Next: 67%
Magic:  3/13       EV: 12    Int: 24    God:
Gold:   149        SH:  0    Dex: 10    Spells: 5/15 levels left

rFire    x . .     SeeInvis .   d - +0 short sword
rCold    + . .     Gourm    .   (no shield)
rNeg     + + +     Faith    .   a - +0 robe
rPois    ∞         Spirit   .   b - +0 hat
rElec    .         Reflect  .   j - +1 cloak
rCorr    .         Harm     .   (no gloves)
MR       .....                  (no boots)
Stlth    +++.......             (no amulet)
HPRegen  0.12/turn              c - +5 ring of intelligence
MPRegen  0.13/turn              f - ring of stealth

@: no status effects
A: no food or potions, fire vulnerability, cold resistance 1, negative energy
resistance 3, torment resistance, unbreathing
a: no special abilities


You were on level 3 of the Dungeon.
You were not hungry.

You visited 1 branch of the dungeon, and saw 4 of its levels.
You also visited: Sewer.

You collected 149 gold pieces.

Inventory:

Hand Weapons
 d - a +0 short sword (weapon)
Armour
 a - a +0 robe (worn)
 b - a +0 hat (worn)
 j - a +1 cloak (worn)
Jewellery
 c - a +5 ring of intelligence (left hand)
 f - a ring of stealth (right hand)
Wands
 e - a wand of paralysis (12)
Scrolls
 g - a scroll of fog
 h - a scroll of identify
 i - 2 scrolls of remove curse


   Skills:
 * Level 1.5 Fighting
 + Level 0.7 Short Blades
 * Level 2.0 Dodging
 * Level 2.7 Stealth
 * Level 5.9 Spellcasting
 + Level 1.2 Conjurations
 + Level 1.3 Summonings
 + Level 0.7 Translocations


You had 5 spell levels left.
You knew the following spells:

 Your Spells              Type           Power        Failure   Level  Hunger
a - Magic Dart            Conj           ##..         4%          1    N/A
b - Blink                 Tloc           N/A          9%          2    N/A
c - Call Imp              Summ           ##......     7%          2    N/A
d - Slow                  Hex            #.......     12%         2    N/A
e - Mephitic Cloud        Conj/Pois/Air  #.......     21%         3    N/A

Your spell library contained the following spells:

 Spells                   Type           Power        Failure   Level  Hunger
 Conjure Flame            Conj/Fire      ##......     19%         3    N/A

Dungeon Overview and Level Annotations

Branches:
Dungeon (4/15)              Sewer (visited)
 Temple: D:4-7

Altars:
Elyvilon
Gozag

Annotations:
D:3 1 runed translucent door


Innate Abilities, Weirdness & Mutations

You do not eat or drink.
Your flesh is vulnerable to fire.
You are immune to poison.
Your flesh is cold resistant. (rC+)
You are immune to negative energy. (rN+++)
You are immune to unholy pain and torment.
You can survive without breathing.


Message History

The slave is heavily wounded.
The slave misses you.
You hit the slave.
The slave is severely wounded.
You strike the helpless slave from behind!
You hit the slave.
The slave is severely wounded.
The slave hits you.
* * * LOW HITPOINT WARNING * * *
You catch the helpless slave completely off-guard!
You hit the slave.
The slave is almost dead.
You hit the slave but do no damage.
The slave is almost dead.
You barely miss the slave.
The slave is almost dead.
You hit the slave but do no damage.
The slave is almost dead.
The slave hits you.
You die...

# ############## # #....p.......#
# ##...@........########
#.............+.......
#.............#..#####
#......###....#..# #
#.....##w##....%.#####
############....###.###..........
#..........#...####.####.........
#..........#...#>.._..>#.(.......
#..........#...####A+###.....!...


You could see a slave (confused) and a worm (wandering).

Vanquished Creatures
  Natasha (twice) (D:2)
  2 adders (D:3)
  An ooze (D:2)
  2 leopard geckos (D:3)
  2 orcs (D:3)
  11 bats
  6 giant cockroaches
  3 goblins
  3 hobgoblins
  4 jackals (D:2)
  A quokka (D:3)
  3 frilled lizards
  3 kobolds
  5 rats
48 creatures vanquished.

Vanquished Creatures (collateral kills)
  A big kobold (Sewer)
  Natasha (D:2)
  3 adders
  4 worms
  A dart slug (D:2)
  An orc (D:3)
  A ball python (D:3)
  A bat (D:3)
  A goblin (D:2)
  3 jackals
  3 quokkas
  A frilled lizard (D:3)
  5 kobolds
  6 rats
32 creatures vanquished.

Grand Total: 80 creatures vanquished

Notes
Turn   | Place    | Note
-------+----------+-------------------------------------------
     0 | D:1      | BlueFish the Mummy Wizard began the quest for the Orb.
     0 | D:1      | Reached XP level 1. HP: 13/13 MP: 5/5
   311 | D:1      | Reached XP level 2. HP: 20/20 MP: 4/7
   363 | D:1      | Learned a level 2 spell: Blink
   366 | D:1      | Learned a level 2 spell: Call Imp
   369 | D:1      | Learned a level 2 spell: Slow
  1307 | D:2      | Reached skill level 1 in Conjurations
  1460 | D:2      | Reached XP level 3. HP: 22/25 MP: 0/9
  1465 | D:2      | Learned a level 3 spell: Mephitic Cloud
  1551 | D:2      | Noticed Natasha
  1560 | D:2      | Killed Natasha
  1731 | D:2      | Reached skill level 5 in Spellcasting
  1735 | D:2      | Noticed Natasha
  1746 | D:2      | Killed Natasha
  1746 | D:2      | Reached skill level 1 in Fighting
  1746 | D:2      | Reached XP level 4. HP: 27/32 MP: 1/11
  1780 | D:2      | Noticed Natasha
  1793 | D:2      | Killed Natasha
  3124 | D:3      | Reached skill level 1 in Summonings
  3228 | D:3      | Found a white marble altar of Elyvilon.
  3229 | D:3      | Found a runed translucent door.
  3229 | D:3      | Noticed an angel
  3401 | D:3      | Reached XP level 5. HP: 16/37 MP: 1/13
  3418 | D:3      | Found an opulent altar of Gozag.
  3672 | D:3      | Found a glowing drain.
  3683 | Sewer    | Entered a sewer
  3997 | Sewer    | Found a white marble altar of Elyvilon.
  4434 | D:4      | Noticed an ogre
  4441 | D:4      | Noticed a slave
  4489 | D:3      | Slain by a slave

Levels and vault maps discovered:
D:1:      giann_forest_graveyard, layout_basic
D:2:      layout_loops_ring, uniq_natasha
D:3:      layout_basic, nicolae_gozag_seed_capital,
          cheibrodos_sewer_entry_sluice, first_ration, lemuel_angel_altar
D:4:      layout_cave_pools, minivault_27, elyvilon_altar_5, uniq_grinder,
          uniq_pikel, uniq_purgy

Skill      XL: |  1  2  3  4  5 |
---------------+----------------+-----
Stealth        | 2 |  2.7
Conjurations   | 1 |  1.2
Spellcasting   | 5 |  5.9
Fighting       | 1 |  1.5
Summonings     | 1 |  1.3
Dodging        | 2 |  2.0
Short Blades   | |  0.7
Translocations | |  0.7

Action                   |  1- 3 |  4- 6 || total
-------------------------+-------+-------++-------
Melee: Short sword       |    10 |   103 ||   113
 Cast: Magic Dart        |    55 |    56 ||   111
       Call Imp          |     6 |    50 ||    56
       Mephitic Cloud    |       |     4 ||     4
  Use: Scroll            |     3 |     1 ||     4
 Stab: Confused          |       |     2 ||     2
Armor: Robe              |     4 |    31 ||    35
Dodge: Dodged            |    16 |   106 ||   122

Table legend:
 A = Non-vault XP
 B = Vault XP
 C = Vault XP percentage of total XP
 D = Non-vault monster count
 E = Vault monster count
 F = Vault count percentage of total count
                 A         B        C        D         E       F
            +---------+---------+-------+---------+---------+-------
      Total |     215 |     106 |  33.0 |      66 |      14 |  17.5
            +---------+---------+-------+---------+---------+-------
        D:1 |      23 |       0 |   0.0 |      15 |       0 |   0.0
        D:2 |     110 |      30 |  21.4 |      24 |       1 |   4.0
        D:3 |      81 |       6 |   6.9 |      26 |       2 |   7.1
        D:4 |       1 |       0 |   0.0 |       1 |       0 |   0.0
      Sewer |       0 |      70 | 100.0 |       0 |      11 | 100.0
            +---------+---------+-------+---------+---------+-------
